 Dungeon Crawl Stone Soup version 0.30.1-11-g7821555f0a (webtiles) character file.

Game seed: 9721345136049291050

4200 Kagerus the Spear-Bearer (level 10, -4/77 HPs)
             Began as a Merfolk Gladiator on Oct 27, 2023.
             Was a Believer of Makhleb.
             Slain by a killer bee (7 damage)
             ... on level 9 of the Dungeon.
             The game lasted 00:50:25 (12006 turns).

Kagerus the Spear-Bearer (Merfolk Gladiator)       Turns: 12006, Time: 00:50:26

Health: -4/77      AC:  8    Str: 15    XL:     10   Next: 29%
Magic:  7/13       EV: 20    Int:  8    God:    Makhleb [**....]
Gold:   133        SH:  5    Dex: 19    Spells: 3/13 levels left

rFire   . . .        h - +2 glaive (holy)
rCold   . . .        (shield currently unavailable)
rNeg    . . .        b - +0 leather armour
rPois   .            k - +0 helmet
rElec   .            M - +1 cloak
rCorr   .            L - +0 pair of gloves
SInv    .            (no boots)
Will    .....        o - amulet of reflection
Stlth   +            j - +5 ring of evasion
HPRegen 0.32/turn    (no ring)
MPRegen 0.13/turn

%: reflection
@: mighty, lethally poisoned (-4 -> -18), about to teleport
A: (nimble swimmer 2), mertail
a: Renounce Religion, Minor Destruction


You were on level 9 of the Dungeon.
You worshipped Makhleb.
Makhleb was pleased with you.
You visited 1 branch of the dungeon, and saw 10 of its levels.
You also visited: Sewer and Bailey.

You collected 486 gold pieces.
You spent 353 gold pieces at shops.

Inventory:

Hand Weapons
 a - a +0 trident
 h - a +2 glaive of holy wrath (weapon)
Missiles
 d - 3 throwing nets
 e - a javelin
 m - 10 boomerangs
 r - 16 poisoned darts (quivered)
 x - a curare-tipped dart
Armour
 b - a +0 leather armour (worn)
 k - a +0 helmet (worn)
 K - a +0 robe of willpower
 L - a +0 pair of gloves (worn)
 M - a +1 cloak (worn)
Magical Staves
 l - a staff of cold
Jewellery
 j - a +5 ring of evasion (left hand)
 o - an amulet of reflection (around neck)
Wands
 i - a wand of charming (7)
 v - a wand of iceblast (6)
 F - a wand of mindburst (7)
Scrolls
 s - a scroll of magic mapping
 u - a scroll of enchant weapon {unknown}
 y - 2 scrolls of teleportation
 C - a scroll of enchant armour
 D - 3 scrolls of noise
 E - 3 scrolls of fog
Potions
 c - a potion of ambrosia {unknown}
 f - 3 potions of attraction
 g - 2 potions of mutation
 n - 3 potions of brilliance {unknown}
 p - 2 potions of haste {unknown}
 q - a potion of cancellation
 t - 4 potions of lignification {unknown}
 w - 3 potions of might
 z - 3 potions of resistance
 A - a potion of curing
 B - a potion of invisibility {unknown}
 I - a potion of degeneration {unknown}


   Skills:
 + Level 6.7 Fighting
 - Level 9.3 Polearms
 - Level 4.2 Throwing
 - Level 4.2 Armour
 + Level 5.8 Dodging
 - Level 2.0 Spellcasting
 + Level 3.5 Conjurations
 - Level 6.0 Hexes
 - Level 3.0 Translocations


You had 3 spell levels left.
You knew the following spells:

 Your Spells              Type           Power      Damage    Failure   Level
a - Dazzling Flash        Conj/Hex       16%        N/A       19%         3
b - Teleport Other        Tloc           5%         N/A       36%         3
c - Slow                  Hex            40%        N/A       3%          1
d - Confusing Touch       Hex            10%        N/A       11%         3

Your spell library contained the following spells:

 Spells                   Type           Power      Damage    Failure   Level
 Tukima's Dance           Hex            10%        N/A       11%         3
 Lesser Beckoning         Tloc           10%        N/A       19%         2
 Portal Projectile        Hex/Tloc       16%        N/A       21%         3
 Gell's Gravitas          Tloc           5%         N/A       36%         3
 Volatile Blastmotes      Fire/Tloc      6%         2d10      56%         3
 Vampiric Draining        Necr           0%         2d6       78%         3
 Iskenderun's Mystic Bla  Conj/Tloc      6%         2d4       75%         4
 Blade Hands              Tmut           0%         N/A       100%        5
 Starburst                Conj/Fire      1%         6d3       100%        6


Dungeon Overview and Level Annotations

Branches:
Dungeon (10/15)            Temple (0/1) D:6            Lair (0/5) D:8
  Sewer (visited)          Bailey (visited)
    Orc: D:9-12

Altars:
Ashenzari
Cheibriados
Dithmenos
Makhleb
Nemelex Xobeh
Xom

Shops:
D:6 *?[[

Annotations:
D:8 1 runed translucent door, VerbalBBQ's ghost, novice FoFi
D:9 1 transporter, Erolcha


Innate Abilities, Weirdness & Mutations

((You are very nimble when in or above water. (Stealth+, EV+, Speed+++)))
Your lower body shifts to a powerful aquatic tail in water.


Message History

The killer bee misses you. The killer bee stings you!
* * * LOW HITPOINT WARNING * * *
You are poisoned.
The killer bee poisons you!
The killer bee stings you but does no damage.
You block the killer bee's attack. The killer bee closely misses you.
You hit the killer bee.
The killer bee is lightly wounded.
You feel sick. The killer bee closely misses you.
You block the killer bee's attack. The killer bee closely misses you.
The killer bee misses you. x3
You feel better. The killer bee misses you.
The killer bee closely misses you. x3
You block the killer bee's attack. The killer bee closely misses you.
You feel very mighty all of a sudden. You block the killer bee's attack.
The killer bee barely misses you. The killer bee misses you.
The killer bee stings you.
* * * LOW HITPOINT WARNING * * *
You are poisoned.
The killer bee poisons you! The killer bee misses you.
The killer bee completely misses you.
You closely miss the killer bee.
The killer bee is lightly wounded.
You feel sick. The killer bee misses you. The killer bee completely misses you.
The killer bee stings you but does no damage.
You block the killer bee's attack. The killer bee stings you.
* * * LOW HITPOINT WARNING * * *
You are more poisoned.
The killer bee poisons you! The killer bee closely misses you.
The killer bee stings you.
* * * LOW HITPOINT WARNING * * *
The killer bee closely misses you. The killer bee misses you.
As you read the scroll of teleportation, it crumbles to dust.
You feel strangely unstable.
* * * LOW HITPOINT WARNING * * *
You feel very sick. The killer bee closely misses you.
The killer bee stings you.
* * * LOW HITPOINT WARNING * * *
You are more poisoned.
The killer bee poisons you! The killer bee stings you!
You die...

.... #......####....### .....
#........#........ #.....
#........#........ #...
#........#........ ...
#........#........ ....
#........#........ #....
#........#........
#.....##........'........
.......y@.......#........
#......yy.......#........
.......##.....##......###########
........#..... ######## ...
.......###### ... .......# ...
.......# ... .......# ...
.......# .##


You could see 3 killer bees.

Vanquished Creatures
  An elephant (D:7)
  A troll (D:9)
  Prince Ribbit (D:7)
  A yak (D:8)
  2 vampires
  A basilisk (D:8)
  A steam dragon (D:7)
  2 water moccasins
  2 orc warriors (D:8)
  3 black bears
  3 ogres
  A centaur (D:8)
  A kobold brigand (Sewer)
  2 bullfrogs
  A scorpion (D:6)
  5 killer bees (D:9)
  3 howler monkeys (D:7)
  9 orc priests
  2 hounds
  2 gnoll boudas
  2 jellies
  2 sleepcaps
  5 iguanas
  7 orc wizards
  A mummy (D:3)
  9 adders
  9 gnolls
  A river rat (D:3)
  2 white imps
  2 ufetubi
  4 dart slugs
  33 orcs
  7 ball pythons
  7 endoplasms
  8 giant cockroaches
  10 goblins
  7 hobgoblins
  2 jackals (D:1)
  7 quokkas
  7 bats
  7 frilled lizards
  27 kobolds
  16 rats
226 creatures vanquished.

Notes
Turn   | Place    | Note
-------+----------+-------------------------------------------
     0 | D:1      | Kagerus the Merfolk Gladiator began the quest for the Orb.
     0 | D:1      | Reached XP level 1. HP: 16/16 MP: 1/1
    96 | D:1      | Reached XP level 2. HP: 22/22 MP: 2/2
   338 | D:1      | Reached skill level 5 in Polearms
   364 | D:1      | Reached XP level 3. HP: 27/27 MP: 3/3
   878 | D:2      | Identified a scroll of acquirement
   878 | D:2      | Acquired a +2 glaive of holy wrath
  1051 | D:3      | Found a shadowy altar of Dithmenos.
  1112 | D:3      | Reached XP level 4. HP: 29/33 MP: 4/4
  1122 | D:3      | Found a glowing drain.
  1138 | Sewer    | Entered a sewer
  1240 | Sewer    | Noticed a kobold brigand
  1263 | Sewer    | Killed a kobold brigand
  1264 | Sewer    | Reached skill level 6 in Polearms
  1264 | Sewer    | Reached XP level 5. HP: 37/38 MP: 5/5
  1719 | D:3      | Noticed a black bear
  1855 | D:3      | Reached skill level 7 in Polearms
  1867 | D:3      | Killed a black bear
  1868 | D:3      | Reached XP level 6. HP: 38/44 MP: 6/6
  1898 | D:3      | Reached skill level 8 in Polearms
  2191 | D:3      | Found a snail-covered altar of Cheibriados.
  2711 | D:3      | Reached skill level 1 in Armour
  2724 | D:3      | Reached XP level 7. HP: 41/51 MP: 7/7
  2817 | D:4      | Found a burning altar of Makhleb.
  2831 | D:4      | Became a worshipper of Makhleb the Destroyer
  2897 | D:4      | Found a large runed translucent door.
  2898 | D:4      | Found a large runed translucent door.
  3713 | D:4      | Found a shimmering altar of Xom.
  3760 | D:4      | Learned a level 3 spell: Dazzling Flash
  3806 | D:5      | Entered Level 5 of the Dungeon
  3880 | D:5      | Reached XP level 8. HP: 59/59 MP: 7/9
  3882 | D:5      | Reached skill level 1 in Spellcasting
  3910 | D:4      | Reached skill level 1 in Conjurations
  3993 | D:5      | Reached skill level 1 in Hexes
  4245 | D:5      | Reached * piety under Makhleb
  4749 | D:6      | Found Keurhaoh's General Store.
  4763 | D:6      | Bought a +0 cloak for 58 gold pieces
  4834 | D:6      | Found Lirr's Magic Scroll Shoppe.
  5600 | D:6      | Found a staircase to the Ecumenical Temple.
  5613 | D:6      | Learned a level 3 spell: Teleport Other
  6112 | D:6      | Found Urosijit's Armour Shop.
  6132 | D:6      | Bought a +0 pair of gloves for 45 gold pieces
  6157 | D:6      | Found Pequx's Armour Emporium.
  6163 | D:6      | Bought a +1 cloak for 138 gold pieces
  6325 | D:6      | Reached skill level 5 in Fighting
  6325 | D:6      | Reached skill level 1 in Translocations
  6328 | D:6      | Found a sparkling altar of Nemelex Xobeh.
  6508 | D:7      | Found a flagged portal.
  6513 | D:7      | Reached XP level 9. HP: 61/68 MP: 12/12
  6534 | Bailey   | Entered a bailey
  6995 | D:7      | Learned a level 1 spell: Slow
  7042 | D:7      | Learned a level 3 spell: Confusing Touch
  7497 | D:8      | Noticed Prince Ribbit
  8762 | D:8      | Found a runed translucent door.
  8763 | D:8      | Noticed VerbalBBQ's ghost (novice FoFi)
  8899 | D:7      | Killed Prince Ribbit
  9074 | D:6      | Bought a scroll of enchant armour for 112 gold pieces
  9165 | D:8      | Reached skill level 9 in Polearms
  9245 | D:8      | Found a staircase to the Lair.
  9262 | D:8      | Reached ** piety under Makhleb
  9267 | D:8      | Noticed an elephant
  9509 | D:7      | Killed an elephant
  9672 | D:8      | Reached skill level 5 in Hexes
  9680 | D:8      | Reached skill level 5 in Dodging
  9680 | D:8      | Reached XP level 10. HP: 45/76 MP: 11/13
 10333 | D:9      | Found a transporter.
 10338 | D:9      | Found a transporter.
 10356 | D:10     | Entered Level 10 of the Dungeon
 11559 | D:10     | Found a broken altar of Ashenzari.
 11746 | D:9      | Noticed Erolcha
 12006 | D:9      | HP: 3/77 [killer bee (6)]
 12006 | D:9      | Slain by a killer bee

Illustrated notes

Levels and vault maps discovered:
D:1:      tarquinn_simple_flora_water_a, layout_rooms
D:2:      layout_basic, dreamdust_mushroom_princess
D:3:      minmay_razor_zed, layout_basic, slow_altar_2, grunt_dithmenos_smoke,
          portal_sewer_entry_e, grunt_ministairs_15,
          chequers_serial_rivers_micro_b
D:4:      due_chaos_kobolds, layout_rooms, mainiacjoe_overflow_chevrons,
          hangedman_decor_push, hangedman_decor_growths
D:5:      layout_cave_pools, dreamdust_wishing_well
D:6:      layout_basic, nemelex_dance_club_becter,
          minmay_temple_entry_offerings, serial_shops, shop,
          nicolae_square_shop, nicolae_shop_crystal, nicolae_shop_stone
D:7:      layout_basic, enter_bailey_5
D:8:      layout_rooms, david_lair_generic, gammafunk_ghost_grave, serial_glass,
          glass_columns_a, glass_columns_b, glass_columns_c, glass_columns_a,
          glass_columns_a, glass_columns_a, columned_hall_lemuel,
          nicolae_figureground_sparkle, uniq_prince_ribbit1
D:9:      layout_stronghold, nicolae_diode_stairs, uniq_erolcha
D:10:     layout_stronghold, mainiacjoe_overflow_concentric_impassable,
          uniq_nergalle, uniq_psyche, uniq_erica, uniq_fannar

Skill      XL: |  1  2  3  4  5  6  7  8  9 10 |
---------------+-------------------------------+-----
Polearms       | 5 6 7 8 9 |  9.3
Throwing       | 3 4 |  4.2
Armour         | 1 2 3 4 |  4.2
Fighting       | 3 5 6 |  6.7
Spellcasting   | 2 |  2.0
Conjurations   | 2 3 |  3.5
Hexes          | 3 5 6 |  6.0
Translocations | 1 3 |  3.0
Dodging        | 5 |  5.8

Action                     |  1- 3 |  4- 6 |  7- 9 | 10-12 || total
---------------------------+-------+-------+-------+-------++-------
  Melee: Trident           |    88 |       |       |       ||    88
         Punch             |     1 |       |       |       ||     1
         Glaive            |    19 |   183 |   360 |    50 ||   612
         Tailslap          |       |     5 |       |       ||     5
  Throw: Dart              |       |       |    26 |    10 ||    36
         Throwing net      |       |       |     2 |       ||     2
   Cast: Confusing Touch   |       |       |     7 |     3 ||    10
         Slow              |       |       |     3 |       ||     3
         Dazzling Flash    |       |       |       |     3 ||     3
 Invoke: Minor Destruction |       |       |       |     1 ||     1
  Evoke: Wand              |       |       |     1 |       ||     1
    Use: Scroll            |     1 |     9 |     7 |     2 ||    19
         Potion            |       |     2 |     3 |     3 ||     8
   Stab: Sleeping          |     2 |     2 |       |       ||     4
         Confused          |       |       |     2 |     2 ||     4
         Invisible         |       |       |       |     2 ||     2
 Armour: Leather armour    |    28 |    12 |    45 |    21 ||   106
         Chain mail        |       |    27 |    50 |       ||    77
  Dodge: Dodged            |    73 |   137 |   329 |   142 ||   681
  Block: Other             |    11 |    37 |   104 |    31 ||   183
         Reflection        |       |     4 |     2 |       ||     6
